AoeStats
← 糖老头

Arabia

510087014Analyzed
1v1 RM · 2d ago on Sep 29, 2026· 52m 31s· 2 players
Game mode
Random Map
Map size
Tiny (2 player)
Population
200
Speed
Normal
Resources
Standard
Victory
Conquest
Starting age
Dark Age
Ending age
Imperial Age
RankedLock teamsTeams togetherTeam positionsShared explorationLock speedFull tech treeHidden civsTurbo modeCheats
Victory
Defeat
🇭🇰 Bulgarians · Hong Kong SAR China
1321
+14
🇮🇳 Saxons · India
1272
-14
TheKingSlayer
7:27 Loom
10:07 Feudal Age
10:09 Man-at-Arms
10:35 Double-Bit Axe
11:16 Arson
12:44 Forging
14:51 Scale Mail Armor
23:40 Castle Age
22:15 Scale Barding Armor
22:52 Bloodlines
22:32 Horse Collar
25:44 Husbandry
27:44 Iron Casting
28:31 Chain Barding Armor
28:58 Bow Saw
31:28 Fletching
39:12 Wheelbarrow
38:22 Town Watch
40:16 Bodkin Arrow
42:54 Padded Archer Armor
43:09 Chain Mail Armor
44:13 Thumb Ring
43:43 Crossbowman
47:12 Imperial Age
44:57 Light Cavalry
47:05 Leather Archer Armor
48:00 Bracer
48:08 Arbalester
50:27 Light Cavalry
51:50 Ring Archer Armor
52:37 Chemistry
糖老头
10:59 Feudal Age
10:48 Loom
11:46 Arson
12:58 Double-Bit Axe
12:53 Horse Collar
14:01 Scale Mail Armor
18:07 Fletching
18:12 Gold Mining
21:59 Wheelbarrow
25:18 Castle Age
25:56 Padded Archer Armor
26:15 Bodkin Arrow
26:34 Thumb Ring
27:33 Bow Saw
28:56 Husbandry
30:15 Leather Archer Armor
34:43 Stone Mining
35:28 Gold Shaft Mining
35:56 Hand Cart
38:26 Bloodlines
40:05 Heavy Plow
40:34 Ballistics
40:16 Town Watch
43:23 Imperial Age
44:12 Town Patrol
44:14 Bracer
45:17 Chemistry
44:23 Siege Engineers
45:24 Parthian Tactics
45:24 Conscription
45:35 Stirrups
46:42 Crop Rotation
47:29 Elite Skirmisher
47:32 Light Cavalry
48:46 Scale Barding Armor
48:51 Forging
49:12 Murder Holes
49:27 Masonry
50:12 Chain Barding Armor
50:27 Iron Casting
49:33 Heavy Cavalry Archer
51:55 Stone Shaft Mining
Connection lost

Rejoining the realm…

Still unreachable

The connection could not be restored.

Session expired

The server has moved on; the page needs a fresh start.